 Dungeon Crawl Stone Soup version 0.31-a0-532-g28f74ba3e5 (webtiles) character file.

Game seed: 5294424419868550645

2974674 Vruhak the Intangible (level 27, 237/237 HPs)
             Began as a Merfolk Hunter on Aug 9, 2023.
             Was an Elder of Jiyva.
             Escaped with the Orb
             ... and 4 runes on Aug 12, 2023!
             The game lasted 03:27:06 (47182 turns).

Vruhak the Intangible (Merfolk Hunter)             Turns: 47182, Time: 03:27:06

Health: 237/237    AC: 20    Str: 16    XL:     27
Magic:  40/40      EV: 39    Int: 10    God:    Jiyva [****..]
Gold:   4841       SH:  0    Dex: 25    Spells: 26/26 levels left

rFire   + . .        S - +4 arbalest (freeze)
rCold   + . .        (shield currently unavailable)
rNeg    + + .        T - +2 robe {rC+ rF+}
rPois   +            K - +0 hat "Goyfaut" {Contam rCorr MP+9 Slay+5 Stlth+}
rElec   .            z - +4 dragonskin cloak
rCorr   +            c - +2 pair of gloves {Dex+3}
SInv    .            u - +2 pair of boots {rampage}
Will    +++..        l - amulet of regeneration
Stlth   +++          s - ring of willpower
HPRegen 2.67/turn    L - ring of Userghepua {rPois rN++ rCorr Int-3 Slay+4}
MPRegen 0.67/turn

%: clarity, rampage
@: no status effects
A: (nimble swimmer 2), mertail, horns 2, iridescent scales 1, clarity, clever 1,
clumsy 1, mutation resistance 2, gelatinous body 1, pseudopods 2, translucent
skin 2, tendrils, jelly sensing items, jelly absorbing missiles, MP-powered
wands
0: Orb of Zot
}: 4/15 runes: decaying, slimy, silver, gossamer
a: Renounce Religion, Oozemancy, Slimify


You escaped.
You worshipped Jiyva.
Jiyva was greatly pleased with you.
You visited 10 branches of the dungeon, and saw 52 of its levels.
You visited the Abyss 1 time.

You collected 7087 gold pieces.
You spent 2246 gold pieces at shops.

Inventory:

Hand Weapons
 t - a +0 hand crossbow of draining
 S - a +4 arbalest of freezing (weapon)
Missiles
 o - 6 throwing nets
Armour
 c - a +2 pair of gloves of dexterity (worn)
 u - a +2 pair of boots of rampaging (worn)
 z - the +4 dragonskin cloak (worn)
   (You took it off Tiamat on level 1 of the Realm of Zot)

   Avatar's Aegis: It grants the wearer a chance to resist fire, cold, poison,
   electricity, acid, and negative energy.
 A - a +2 buckler of protection
 H - a +3 ring mail of fire resistance
 K - the +0 hat "Goyfaut" (worn) {Contam rCorr MP+9 Slay+5 Stlth+}
   (You found it on level 3 of the Elven Halls)

   Slay+5:    It affects your accuracy & damage with ranged weapons and melee
   (+5).
   MP+9:      It affects your magic capacity (+9).
   Contam:    It causes magical contamination when unequipped.
   rCorr:     It protects you from acid and corrosion.
   Stlth+:    It makes you more stealthy.
 T - a +2 robe of resistance (worn)
Jewellery
 d - a +4 ring of protection
 l - an amulet of regeneration (around neck)
 n - a ring of protection from fire
 r - an amulet of magic regeneration
 s - a ring of willpower (left hand)
 B - a ring of ice
 E - an amulet of reflection
 G - a ring of flight
 L - the ring of Userghepua (right hand) {rPois rN++ rCorr Int-3 Slay+4}
   (You found it on level 5 of the Pits of Slime)

   [ring of slaying]

   Int-3:     It affects your intelligence (-3).
   Slay+4:    It affects your accuracy & damage with ranged weapons and melee
   (+4).
   rPois:     It protects you from poison rN++: It greatly protects you from
   negative energy.
   rCorr:     It protects you from acid and corrosion.
 U - an amulet of guardian spirit
 X - a ring of see invisible
Wands
 k - a wand of acid (7)
 x - a wand of charming (61)
 y - a wand of iceblast (42)
 D - a wand of mindburst (14)
 J - a wand of digging (1)
 R - a wand of flame (71)
 W - a wand of polymorph (12)
Scrolls
 b - 5 scrolls of butterflies
 i - 8 scrolls of teleportation
 q - 4 scrolls of noise
 v - 4 scrolls of vulnerability
 C - 3 scrolls of enchant armour
 F - 5 scrolls of identify
 N - 2 scrolls of immolation
 Q - 5 scrolls of fog
 Z - 4 scrolls of fear
Potions
 a - 5 potions of magic
 e - 6 potions of heal wounds
 g - 5 potions of lignification
 h - 6 potions of ambrosia
 j - 8 potions of curing
 m - 3 potions of attraction
 p - 11 potions of mutation
 w - a potion of invisibility
 I - 8 potions of brilliance
 M - 6 potions of enlightenment
 P - 2 potions of berserk rage
 V - a potion of cancellation
 Y - 2 potions of resistance


   Skills:
 + Level 23.9 Fighting
 - Level 21.3 Ranged Weapons
 + Level 16.0 Armour
 O Level 27 Dodging
 - Level 14.5 Stealth
 - Level 11.9 Shields
 - Level 11.8 Invocations


You had 26 spell levels left.
You didn't know any spells.
Your spell library contained the following spells:

 Spells                   Type           Power      Damage    Failure   Level
 Apportation              Tloc           0%         N/A       36%         1
 Kiss of Death            Conj/Necr      0%         2d5       36%         1
 Necrotise                Necr           0%         1d4       36%         1
 Summon Small Mammal      Summ           0%         N/A       36%         1
 Blink                    Tloc           0%         N/A       50%         2
 Momentum Strike          Conj/Tloc      0%         3d8       50%         2
 Static Discharge         Conj/Air       0%         2-2/arc   50%         2
 Dazzling Flash           Conj/Hex       0%         N/A       75%         3
 Frozen Ramparts          Ice            0%         1d1       75%         3
 Tukima's Dance           Hex            0%         N/A       75%         3
 Airstrike                Air            0%         2d(0-16)  98%         4
 Anguish                  Hex/Necr       0%         N/A       98%         4
 Cause Fear               Hex            0%         N/A       98%         4
 Leda's Liquefaction      Hex/Erth       0%         N/A       98%         4
 Manifold Assault         Tloc           0%         N/A       98%         4
 Olgreb's Toxic Radiance  Pois           0%         N/A       98%         4
 Passage of Golubria      Tloc           0%         N/A       98%         4
 Petrify                  Tmut/Erth      0%         N/A       98%         4
 Summon Lightning Spire   Summ/Air       0%         N/A       98%         4
 Agony                    Necr           0%         N/A       100%        5
 Iskenderun's Battlesphe  Conj           0%         2d6       100%        5
 Lee's Rapid Deconstruct  Erth           0%         3d4*      100%        5
 Metabolic Englaciation   Hex/Ice        0%         N/A       100%        5
 Silence                  Hex/Air        0%         N/A       100%        5
 Yara's Violent Unravell  Hex/Tmut       0%         3d3       100%        5
 Conjure Ball Lightning   Conj/Air       0%         3x3d6     100%        6
 Leda's Unmaking          Conj/Erth      0%         9d1       100%        6
 Enfeeble                 Hex            0%         N/A       100%        7
 Spellforged Servitor     Conj/Summ      0%         N/A       100%        7
 Summon Hydra             Summ           0%         N/A       100%        7
 Discord                  Hex            0%         N/A       100%        8
 Ignition                 Fire           0%         3d3       100%        8


Dungeon Overview and Level Annotations

Branches:
Dungeon (15/15)            Temple (0/1) D:5            Lair (5/5) D:11
  Swamp (4/4) Lair:2       Spider (4/4) Lair:3        Slime (5/5) Lair:5
    Orc (2/2) D:12            Elf (3/3) Orc:2        Vaults (5/5) D:13
  Crypt (0/3) Vaults:2     Depths (4/4) D:15            Zot (5/5) Depths:4

Altars:
Dithmenos
Fedhas
Gozag
Kikubaaqudgha
Makhleb
Nemelex Xobeh
Qazlal
Ru
Sif Muna
Trog
Vehumet
Wu Jian
Xom
Yredelemnul
The Shining One
Jiyva

Shops:
D:1 ?   D:3 (   D:12 (   Orc:2 (=*!   Elf:2 !   Vaults:2 (   Vaults:4 *

Portals:
Hell: Depths:1 Depths:2 Depths:3 Depths:4
Abyss: Depths:3
Pandemonium: Orc:2 Depths:2
Ziggurat: Depths:1
Trove: D:12 (give +8 demon whip)

Annotations:
D:5 2 runed translucent doors
D:7 4 runed translucent doors
Lair:4 exclusion: orange crystal statue
Spider:1 2 transporters, makewrite's ghost, adept MiBe
Slime:5 Royal Jelly
Orc:1 3 runed translucent doors, exclusion: obsidian statue, casual's ghost, journeyman MeFi
Elf:2 5 runed translucent doors


Innate Abilities, Weirdness & Mutations

((You are very nimble when in or above water. (Stealth+, EV+, Speed+++)))
Your lower body shifts to a powerful aquatic tail in water.
You have a pair of horns on your head.
You are partially covered in iridescent scales. (AC +2)
You possess an exceptional clarity of mind.
Your mind is acute. (Int +4, Str/Dex -1)
You are clumsy. (Dex -2)
You are somewhat resistant to both further mutation and mutation removal.
Your rubbery body absorbs attacks. (AC +1, EV +1)
Armour fits poorly on your large pseudopods.
Your translucent skin reduces your foes' accuracy. (Stealth+)
You are covered in slimy tendrils that may disarm your opponents.
You have a small jelly attached to you that senses nearby items.
You have a small jelly attached to you that may absorb projectiles.
You expend magic power (3 MP) to strengthen your wands.


Message History

You shoot a bolt. The bolt hits the Orb Guardian!!
The bolt freezes the Orb Guardian.
The Orb Guardian is heavily wounded.
You shoot a bolt. The bolt hits the Orb Guardian!!
The bolt freezes the Orb Guardian.
The Orb Guardian is severely wounded.
The Orb Guardian hits you!!
You shoot a bolt. The bolt hits the Orb Guardian!!!
The bolt freezes the Orb Guardian.
You kill the Orb Guardian!
A hellwing comes into view.
There is a stone staircase leading up here.
You climb upwards.
There is a stone staircase leading down here.
You hear a distant slurping noise.
There is a stone staircase leading up here.
You climb upwards.
An Orb Guardian comes into view.
There is a stone staircase leading down here.
Unknown command.
You shoot a bolt. The bolt hits the Orb Guardian!
The bolt freezes the Orb Guardian.
The Orb Guardian is lightly wounded.
You shoot a bolt. The bolt hits the Orb Guardian!
The bolt freezes the Orb Guardian.
The Orb Guardian is moderately wounded.
You shoot a bolt. The bolt hits the Orb Guardian!!
The bolt freezes the Orb Guardian!
The Orb Guardian is severely wounded.
You shoot a bolt. The bolt hits the Orb Guardian!
The bolt freezes the Orb Guardian.
The Orb Guardian is almost dead.
You shoot a bolt. The bolt hits the Orb Guardian!!!
The bolt freezes the Orb Guardian.
You kill the Orb Guardian!
Your Armour skill increases to level 16!
No target in view!
There is a staircase leading out of the dungeon here.
There is a staircase leading out of the dungeon here.
You have escaped!

#
#.##......J..........###.####
### #.#.#......#........#.##.#
..###.#..#......#......#..##.#
..##..#...#..#.#.#....#...##.#
..##.##....#..#..^#..#....##.#
..#..##.....##.#...##.....##.#
......#.....#...#...#.....#..#
##.........#.....#...#.#..#.##
......#...#.#...@.#...#.....#
......#......#...#.#.#....###
......#..J..#.#.#...#..J..#
####.##....#...#...#.#....#
#.##...#...#...#...#...#
#.##..#.......#.....#..#
#.##.#.......#.......#.#
#.###.................##
#.###########.#########


You could see a neutral jelly (wandering) (fellow slime).

Vanquished Creatures
  7 dread liches
  Tiamat (Zot:1)
  2 ancient liches (Zot:5)
  Mennas (Vaults:4)
  A juggernaut (Depths:3)
  6 orbs of fire
  Bai Suzhen (Vaults:3)
  Boris (Vaults:3)
  6 Killer Klowns
  Sojobo (Vaults:4)
  Margery (Vaults:3)
  3 curse toes
  the Lernaean hydra (Swamp:4)
  9 golden dragons
  Nikola (Lair:3)
  Arachne (Spider:4)
  the Enchantress (Depths:3)
  A bone dragon (Abyss:3)
  3 doom hounds (Zot:1)
  A Tzitzimitl (Zot:1)
  A Brimstone Fiend (Zot:5)
  4 electric golems
  Rupert (D:15)
  8 tentacled monstrosities
  A lich (Vaults:5)
  A deep elf blademaster (Elf:3)
  29 Orb Guardians
  A deep elf master archer (Elf:3)
  Grunn (Zot:1)
  8 titans (Vaults:5)
  3 quicksilver dragons
  Frances (D:13)
  An Executioner (Depths:4)
  9 death cobs
  Kirke (D:15)
  A tentacled starspawn (Abyss:3)
  10 tengu reavers
  Gastronok (D:11)
  12 shadow dragons
  2 thorn hunters
  12 storm dragons
  3 sphinxes
  Donald (Vaults:4)
  A fenstrider witch (Swamp:1)
  9 draconian knights
  4 draconian monks
  4 draconian scorchers
  13 vault wardens
  3 iron dragons
  6 deep elf elementalists
  8 fire giants
  12 frost giants
  10 deep elf sorcerers
  7 emperor scorpions
  Louise (Spider:1)
  A balrug (Depths:2)
  3 draconian shifters
  3 orc warlords
  7 ghost moths
  2 draconian stormcallers
  2 ghouls (Swamp:2)
  4 spriggan defenders
  17 ironbound preservers
  A reaper (Zot:1)
  3 draconian annihilators (Zot:5)
  37 very ugly things
  5 ironbound thunderhulks
  3 war gargoyles
  A vampire knight (Depths:3)
  18 stone giants
  6 deep elf annihilators
  5 eleionomae
  13 black draconians
  15 green draconians
  4 bunyips
  12 purple draconians
  7 spark wasps
  6 deep elf demonologists
  9 red draconians
  15 white draconians
  12 dire elephants
  8 yellow draconians
  4 deep elf death magi (Elf:3)
  2 merfolk impalers (Depths:3)
  A merfolk javelineer (Depths:3)
  10 ettins
  2 deep elf high priests (Elf:3)
  11 yaktaur captains
  Josephine (Lair:3)
  13 fire dragons
  The ghost of Pelmeshek the Fighter, a journeyman MiGl of Trog (D:11)
  7 ice dragons
  2 rakshasas
  6 entropy weavers
  Harold (Orc:1)
  2 shambling mangroves
  20 hydras
  32 vault guards
  9 ironbound frosthearts
  2 jorogumos
  13 centaur warriors
  5 boulder beetles
  An ogre mage (Vaults:5)
  4 ghost crabs
  4 radroaches
  A catoblepas (Lair:5)
  8 spriggan air magi
  2 demonspawn (Orc:2)
  6 deep troll earth magi
  7 death scarabs
  14 dancing weapons
  5 tengu warriors
  8 death yaks (Lair:5)
  13 deep troll shamans
  12 alligators
  2 two-headed ogres (D:13)
  11 demonic crawlers
  7 orc high priests
  6 spriggan berserkers
  3 thrashing horrors
  7 large abominations
  4 hell knights (Vaults:3)
  2 sun demons
  A sixfirhy (D:11)
  13 deep elf knights
  7 pharaoh ants
  A sun moth (Spider:4)
  3 goliath frogs
  8 iron trolls
  A spriggan druid (Swamp:3)
  61 deep trolls
  A skyshark (Lair:5)
  4 orb spiders
  13 bog bodies
  2 phantasmal warriors
  A flayed ghost (Depths:3)
  7 steelbarb worms
  A spectral jorogumo (Spider:4)
  5 wizards
  Pikel (D:4)
  9 swamp dragons
  27 deep elf zephyrmancers
  18 lindwurms
  16 ironbound convokers
  2 spectral wolf spiders (Spider:4)
  8 deep elf archers
  15 orc knights
  An obsidian statue (Zot:5)
  A necromancer (Vaults:5)
  A broodmother zombie (Spider:4)
  34 deep elf pyromancers
  4 starcursed masses (Abyss:3)
  32 ugly things
  9 orc sorcerers
  7 will-o-the-wisps
  16 wolf spiders
  A salamander (shapeshifter) (D:15)
  A stone giant skeleton (Vaults:5)
  5 elephants (Lair:5)
  6 cyclopes
  A manticore (D:13)
  15 moths of wrath
  2 human skeletons
  16 vault sentinels
  2 black mambas
  5 smoke demons
  A hellion (D:8)
  Joseph (D:9)
  6 torpor snails
  2 gargoyles (D:14)
  18 cane toads
  Psyche (D:9)
  3 freezing wraiths
  An orange demon (D:11)
  2 rime drakes
  A redback zombie (Spider:4)
  4 spectral redbacks (Spider:4)
  23 yaktaurs
  3 tengu conjurers
  2 efreet
  2 kobold demonologists (D:11)
  An ancient zyme (Abyss:3)
  10 komodo dragons
  3 red devils
  9 meliai
  11 trolls
  9 tyrant leeches
  21 hornets
  A bloated husk (Swamp:1)
  A spectral tarantella (Spider:4)
  4 spectral jumping spiders (Spider:4)
  21 tarantellas
  A hellwing (Orc:2)
  2 polar bears (Lair:5)
  A jumping spider zombie (Spider:4)
  2 spectral culicivoras (Spider:4)
  A tarantella zombie (Spider:4)
  A culicivora zombie (Spider:4)
  4 raiju (Abyss:3)
  21 jumping spiders
  3 blink frogs (Lair:5)
  An ettin zombie (Vaults:5)
  5 air elementals
  An ettin skeleton (Vaults:5)
  4 shadows
  A flying skull (Abyss:3)
  A yak (shapeshifter) (D:13)
  15 culicivoras
  21 spriggans
  A ynoxinul (Abyss:3)
  8 wyverns
  6 water elementals
  44 yaks
  7 wraiths
  A chaos spawn (Abyss:3)
  A neqoxec (Abyss:4)
  4 hogs (D:15)
  4 fire elementals
  A steam dragon (D:7)
  19 vampire mosquitoes
  5 basilisks
  16 swamp worms
  Menkaure (D:6)
  Edmund (D:6)
  A spatial vortex (Abyss:3)
  52 redbacks
  An acid dragon (D:10)
  9 water moccasins
  4 small abominations
  57 orc warriors
  6 swamp drakes
  A sky beast (D:7)
  An ice beast (D:4)
  5 ogres
  A black bear (D:5)
  16 centaurs
  5 boggarts
  19 wolves
  An elf simulacrum (Vaults:4)
  2 lemures (D:4)
  11 bullfrogs
  4 kobold brigands
  A necrophage (Swamp:2)
  4 scorpions
  2 gnoll sergeants
  An earth elemental (Elf:1)
  9 wights
  9 killer bees
  4 howler monkeys
  2 electric eels (Lair:3)
  2 hounds
  34 orc priests
  2 gnoll boudas (D:6)
  2 sleepcaps
  20 orc wizards
  9 adders
  20 gnolls
  2 shadow imps (D:7)
  13 white imps
  An ufetubus (D:4)
  2 worms
  2 dart slugs
  67 orcs
  7 ball pythons
  3 endoplasms (D:1)
  4 giant cockroaches
  12 hobgoblins
  4 quokkas
  2 bats
  9 goblins
  21 kobolds
  4 rats
  A butterfly (Zot:4)
  A lurking horror (Abyss:4)
1950 creatures vanquished.

Vanquished Creatures (collateral kills)
  A bone dragon (Abyss:4)
  A deep elf sorcerer (Elf:2)
  An orc warlord (Vaults:1)
  2 ironbound thunderhulks (Vaults:1)
  A war gargoyle (Vaults:4)
  An eleionoma (Lair:2)
  4 deep elf annihilators (Elf:3)
  A peacekeeper (Vaults:4)
  An ironbound frostheart (Vaults:1)
  A deep troll (Vaults:1)
  A necromancer (Vaults:4)
  An orc knight (Orc:2)
  A cyclops (D:14)
  A moth of wrath (Zot:2)
  A vault sentinel (Vaults:1)
  A fire giant skeleton (Vaults:4)
  2 orc warriors (Orc:2)
22 creatures vanquished.

Vanquished Creatures (others)
  A lich (Depths:2)
  2 fire giants (Depths:2)
  2 draconian knights
  An ironbound thunderhulk (Vaults:3)
  An ettin (Depths:2)
  A fire dragon (Depths:2)
  3 great orbs of eyes
  A peacekeeper (Vaults:3)
  A boulder beetle (D:14)
  A centaur warrior (D:14)
  A deep elf knight (Elf:2)
  4 glowing orange brains (Depths:2)
  A glowing orange brain (shapeshifter) (Vaults:5)
  A phantasmal warrior (Depths:3)
  An ironbound convoker (Vaults:2)
  A deep elf pyromancer (Elf:1)
  4 wizards
  2 ugly things
  A cyclops (shapeshifter) (Depths:3)
  A moth of wrath (Zot:2)
  2 vault sentinels
  A yaktaur (Vaults:3)
  2 kobold demonologists
  10 slime creatures
  A basilisk (shapeshifter) (Depths:4)
  A wraith (D:13)
  2 water moccasins
  An orc warrior (Orc:2)
  A sky beast (shapeshifter) (Vaults:4)
  3 swamp drakes (Swamp:4)
  A wolf (Lair:2)
  A scorpion (D:7)
  A howler monkey (D:6)
  A crimson imp (Abyss:3)
  2 hounds (D:6)
  303 jellies
  2 orc priests
  A gnoll bouda (D:7)
  An orc wizard (D:10)
  A small abomination (Abyss:3)
  Robin (D:2)
  4 gnolls
  An adder (D:3)
  A worm (D:3)
  12 orcs
  2 giant cockroaches
  5 goblins (D:2)
  4 hobgoblins
  A quokka (D:2)
  2 bats (D:3)
  6 kobolds
  2 rats (D:3)
  26 foxfires
  9 starspawn tentacles (Abyss:3)
445 creatures vanquished.

Grand Total: 2417 creatures vanquished

Notes
Turn   | Place    | Note
-------+----------+-------------------------------------------
     0 | D:1      | Vruhak the Merfolk Hunter began the quest for the Orb.
     0 | D:1      | Reached XP level 1. HP: 16/16 MP: 1/1
   152 | D:1      | Reached XP level 2. HP: 22/22 MP: 2/2
   288 | D:1      | Found a faded altar of an unknown god.
   295 | D:1      | Found Wuci's Magic Scroll Shoppe.
   300 | D:1      | Prayed at the altar of an unknown god.
   300 | D:1      | Became a worshipper of Jiyva Jaudimo the Shapeless
   300 | D:1      | Reached * piety under Jiyva
   627 | D:2      | Reached XP level 3. HP: 27/27 MP: 3/3
   735 | D:2      | Killed Robin
   790 | D:2      | Reached XP level 4. HP: 33/33 MP: 4/4
  1007 | D:2      | Reached ** piety under Jiyva
  1209 | D:3      | Found Suygy's Weapon Shop.
  1217 | D:3      | Bought a +0 arbalest for 58 gold pieces
  1589 | D:3      | Found a blossoming altar of Fedhas.
  1934 | D:3      | Found a sparkling altar of Nemelex Xobeh.
  2092 | D:3      | Found a bloodstained altar of Trog.
  2092 | D:3      | Found a radiant altar of Vehumet.
  2119 | D:4      | Found a shimmering blue altar of Sif Muna.
  2149 | D:4      | Noticed a lemure
  2164 | D:4      | Killed a lemure
  2169 | D:4      | Noticed a lemure
  2174 | D:4      | Noticed a lemure
  2174 | D:4      | Noticed Pikel
  2175 | D:4      | Noticed a lemure
  2194 | D:4      | Killed Pikel
  2194 | D:4      | Killed a lemure
  2195 | D:4      | Reached skill level 5 in Ranged Weapons
  2195 | D:4      | Reached skill level 5 in Stealth
  2195 | D:4      | Reached XP level 5. HP: 32/38 MP: 5/5
  2195 | D:4      | Reached XP level 6. HP: 37/44 MP: 6/6
  2195 | D:4      | Reached XP level 7. HP: 42/50 MP: 7/7
  2203 | D:4      | Reached *** piety under Jiyva
  2249 | D:4      | Reached skill level 3 in Dodging
  2264 | D:4      | Reached skill level 1 in Invocations
  2609 | D:5      | Entered Level 5 of the Dungeon
  2738 | D:5      | Reached XP level 8. HP: 57/57 MP: 9/9
  2759 | D:5      | Gained mutation: You have a pair of small antennae on your
                  | head. [Jiyva's grace]
  2759 | D:5      | Gained mutation: You have a pair of antennae on your head.
                  | [Jiyva's grace]
  2759 | D:5      | Gained mutation: You have a pair of large antennae on your
                  | head. (SInv) [Jiyva's grace]
  2759 | D:5      | Gained mutation: You are partially covered in iridescent
                  | scales. (AC +2) [Jiyva's grace]
  2838 | D:5      | Found a staircase to the Ecumenical Temple.
  2874 | D:5      | Reached skill level 4 in Dodging
  3015 | D:5      | Reached **** piety under Jiyva
  3133 | D:5      | Found a large runed translucent door.
  3138 | D:5      | Found a large runed translucent door.
  3268 | D:6      | Noticed Menkaure
  3270 | D:6      | Killed Menkaure
  3272 | D:6      | Noticed Edmund
  3282 | D:6      | Killed Edmund
  3582 | D:6      | Reached skill level 5 in Dodging
  3633 | D:6      | You fall into a shaft and drop 1 floor!
  3645 | D:7      | Found a stormy altar of Qazlal.
  3691 | D:7      | Reached XP level 9. HP: 66/66 MP: 11/11
  3834 | D:7      | Reached skill level 6 in Dodging
  3835 | D:7      | Reached skill level 5 in Fighting
  3885 | D:7      | Reached skill level 5 in Invocations
  3963 | D:7      | Found a large runed translucent door.
  3964 | D:7      | Found a large runed translucent door.
  3973 | D:7      | Found a large runed translucent door.
  3973 | D:7      | Found a large runed translucent door.
  3974 | D:7      | Identified the +4 quarterstaff of Giusaywk {drain, rC+++
                  | Str-3 Int+3 SInv}
  3974 | D:7      | Noticed a kobold demonologist
  4182 | D:7      | Reached ***** piety under Jiyva
  4237 | D:7      | Reached skill level 7 in Dodging
  4299 | D:7      | Noticed a troll
  4306 | D:7      | Killed a troll
  4307 | D:7      | Reached XP level 10. HP: 56/76 MP: 12/14
  4536 | D:7      | Paralysed by a hornet for 3 turns
  5396 | D:8      | Lost mutation: You have a pair of large antennae on your
                  | head. (SInv) [Jiyva's grace]
  5396 | D:8      | Lost mutation: You have a pair of antennae on your head.
                  | [Jiyva's grace]
  5396 | D:8      | Gained mutation: You are agile. (Dex +4, Str/Int -1)
                  | [Jiyva's grace]
  5396 | D:8      | Gained mutation: You are very agile. (Dex +8, Str/Int -2)
                  | [Jiyva's grace]
  5396 | D:8      | Gained mutation: You have supernaturally acute eyesight.
                  | (SInv) [Jiyva's grace]
  5396 | D:8      | Gained mutation: Your body has grown eyes which may confuse
                  | attackers. (Acc +3) [Jiyva's grace]
  5666 | D:8      | Reached skill level 8 in Dodging
  5960 | D:9      | Noticed Joseph
  5964 | D:9      | Killed Joseph
  6107 | D:9      | Found an ornate altar of the Wu Jian Council.
  6109 | D:9      | Noticed Psyche
  6113 | D:9      | Killed Psyche
  6167 | D:9      | Killed a kobold demonologist
  6432 | D:9      | Reached skill level 9 in Dodging
  6555 | D:10     | Entered Level 10 of the Dungeon
  6605 | D:10     | Reached ****** piety under Jiyva
  6767 | D:10     | Found a burning altar of Makhleb.
  6894 | D:10     | Reached XP level 11. HP: 86/86 MP: 15/15
  6947 | D:10     | Reached skill level 10 in Dodging
  7215 | D:11     | Found a shadowy altar of Dithmenos.
  7354 | D:11     | Reached skill level 1 in Armour
  7362 | D:11     | Found a staircase to the Lair.
  7388 | D:11     | Noticed Gastronok
  7390 | D:11     | Noticed a sixfirhy
  7392 | Lair:1   | Entered Level 1 of the Lair of Beasts
  7392 | Lair:1   | Gained mutation: You passively map a small area around you.
                  | [Jiyva's grace]
  7392 | Lair:1   | Gained mutation: You passively map the area around you.
                  | [Jiyva's grace]
  7392 | Lair:1   | Gained mutation: You passively map a large area around you.
                  | [Jiyva's grace]
  7392 | Lair:1   | Gained mutation: Armour fits poorly on your pseudopods.
                  | [Jiyva's grace]
  7409 | Lair:1   | Reached skill level 11 in Dodging
  7522 | Lair:1   | Found a frozen archway.
  7614 | Lair:1   | Noticed a boulder beetle
  7620 | Lair:1   | Killed a boulder beetle
  8101 | Lair:2   | Reached skill level 12 in Dodging
  8101 | Lair:2   | Reached XP level 12. HP: 95/95 MP: 16/16
  8412 | Lair:2   | Reached skill level 10 in Ranged Weapons
  8425 | Lair:2   | Found a staircase to the Swamp.
  8460 | Lair:2   | Found a gate leading to a gauntlet.
  8564 | Lair:2   | Lost mutation: You have a pair of small antennae on your
                  | head. [Jiyva's grace]
  8564 | Lair:2   | Lost mutation: You have supernaturally acute eyesight.
                  | (SInv) [Jiyva's grace]
  8564 | Lair:2   | Lost mutation: You are very agile. (Dex +8, Str/Int -2)
                  | [Jiyva's grace]
  8564 | Lair:2   | Lost mutation: You are agile. (Dex +4, Str/Int -1) [Jiyva's
                  | grace]
  8564 | Lair:2   | Lost mutation: Your body has grown eyes which may confuse
                  | attackers. (Acc +3) [Jiyva's grace]
  8564 | Lair:2   | Gained mutation: Your natural rate of healing is unusually
                  | fast. [Jiyva's grace]
  8564 | Lair:2   | Gained mutation: You heal very quickly. [Jiyva's grace]
  8564 | Lair:2   | Gained mutation: You regenerate. [Jiyva's grace]
  8564 | Lair:2   | Gained mutation: You are mostly covered in iridescent
                  | scales. (AC +4) [Jiyva's grace]
  8638 | Lair:3   | Noticed Josephine
  8728 | Lair:3   | Reached skill level 13 in Dodging
  8846 | Lair:4   | Noticed a seven-headed hydra
  8857 | Lair:4   | Killed a seven-headed hydra
  8971 | Lair:4   | Noticed a six-headed hydra
  9001 | Lair:4   | Reached skill level 10 in Fighting
  9138 | Lair:4   | Killed a six-headed hydra
  9438 | Lair:4   | Reached skill level 14 in Dodging
  9808 | Lair:5   | Entered Level 5 of the Lair of Beasts
  9849 | Lair:5   | Reached XP level 13. HP: 103/103 MP: 17/17
 10011 | Lair:5   | Lost mutation: You passively map a large area around you.
                  | [Jiyva's grace]
 10011 | Lair:5   | Lost mutation: You regenerate. [Jiyva's grace]
 10011 | Lair:5   | Gained mutation: You passively dampen the noise of your
                  | surroundings. [Jiyva's grace]
 10011 | Lair:5   | Gained mutation: You are completely covered in iridescent
                  | scales. (AC +6) [Jiyva's grace]
 10011 | Lair:5   | Gained mutation: You possess an exceptional clarity of
                  | mind. [Jiyva's grace]
 10011 | Lair:5   | Gained mutation: Armour fits poorly on your large
                  | pseudopods. [Jiyva's grace]
 10182 | Lair:5   | Reached skill level 15 in Dodging
 10707 | Lair:5   | Found a staircase to the Slime Pits.
 10714 | Slime:1  | Entered Level 1 of the Pits of Slime
 10721 | Slime:1  | Noticed a quicksilver ooze
 10731 | Slime:1  | Noticed a formless jellyfish
 10733 | Slime:1  | Noticed a formless jellyfish
 10734 | Slime:1  | Noticed a formless jellyfish
 10801 | Slime:2  | Noticed an acid blob
 10902 | Slime:3  | Noticed an acid blob
 10902 | Slime:3  | Noticed an acid blob
 10904 | Slime:3  | Noticed an acid blob
 10916 | Slime:3  | Noticed a quicksilver ooze
 10921 | Slime:3  | Noticed an acid blob
 11006 | Slime:3  | Noticed a rockslime
 11073 | Slime:3  | Noticed an azure jelly
 11090 | Slime:3  | Noticed an acid blob
 11094 | Slime:4  | Noticed a quicksilver ooze
 11242 | Slime:5  | Entered Level 5 of the Pits of Slime
 11258 | Slime:5  | Noticed a rockslime
 11258 | Slime:5  | Noticed an acid blob
 11260 | Slime:5  | Found a viscous altar of Jiyva.
 11263 | Slime:5  | Noticed an acid blob
 11282 | Slime:5  | Noticed an acid blob
 11313 | Slime:5  | Noticed a quicksilver ooze
 11317 | Slime:5  | Noticed an acid blob
 11317 | Slime:5  | Noticed an acid blob
 11325 | Slime:5  | Identified the ring of Userghepua {rPois rN++ rCorr Int-3
                  | Slay+4}
 11327 | Slime:5  | Identified the +1 mace of Ydil {pain, rElec Int+2}
 11343 | Slime:5  | Identified the +3 hand axe of the Distant Future {vamp,
                  | *Corrode rElec rC+ Str+6}
 11343 | Slime:5  | Noticed the Royal Jelly
 11344 | Slime:5  | Noticed an azure jelly
 11348 | Slime:5  | Noticed a rockslime
 11350 | Slime:5  | Noticed a rockslime
 11352 | Slime:5  | Noticed a great orb of eyes
 11454 | Slime:5  | Noticed a rockslime
 11642 | Slime:5  | Got a slimy rune of Zot
 11728 | Slime:2  | Noticed a rockslime
 11877 | Lair:3   | Killed Josephine
 11884 | Lair:3   | Identified the +1 falchion "Zateapt" {flame, Str+4}
 11928 | Lair:3   | Identified the +1 leather armour "Laijaimi" {Stlth+}
 11959 | Lair:3   | Found a hole to the Spider Nest.
 12799 | Lair:5   | Reached skill level 5 in Armour
 12804 | Lair:5   | Reached skill level 16 in Dodging
 12819 | Lair:5   | Reached XP level 14. HP: 113/113 MP: 18/18
 13068 | D:11     | Found a runed translucent gate.
 13068 | D:11     | Found a runed translucent gate.
 13070 | D:11     | Found a runed translucent gate.
 13070 | D:11     | Noticed Pelmeshek's ghost (journeyman MiGl)
 13203 | D:11     | Killed Gastronok
 13379 | D:11     | Killed Pelmeshek's ghost
 13420 | D:12     | Found Secs's Antique Weapon Shoppe.
 13591 | D:12     | Found a staircase to the Orcish Mines.
 13627 | Orc:1    | Entered Level 1 of the Orcish Mines
 13742 | Orc:1    | Lost mutation: You are completely covered in iridescent
                  | scales. (AC +6) [Jiyva's grace]
 13742 | Orc:1    | Lost mutation: You heal very quickly. [Jiyva's grace]
 13742 | Orc:1    | Lost mutation: Armour fits poorly on your large pseudopods.
                  | [Jiyva's grace]
 13742 | Orc:1    | Gained mutation: You are somewhat resistant to further
                  | mutation. [Jiyva's grace]
 13742 | Orc:1    | Gained mutation: You are somewhat resistant to both further
                  | mutation and mutation removal. [Jiyva's grace]
 13742 | Orc:1    | Gained mutation: You are almost entirely resistant to
                  | further mutation and mutation removal. [Jiyva's grace]
 13742 | Orc:1    | Gained mutation: Your mind is acute. (Int +4, Str/Dex -1)
                  | [Jiyva's grace]
 13742 | Orc:1    | Found a runed translucent gate.
 13742 | Orc:1    | Found a runed translucent gate.
 13742 | Orc:1    | Found a runed translucent gate.
 13744 | Orc:1    | Found an opulent altar of Gozag.
 13747 | Orc:1    | Noticed casual's ghost (journeyman MeFi)
 14016 | Orc:1    | Noticed an orc warlord
 14017 | Orc:1    | Noticed Harold
 14026 | Orc:1    | Killed an orc warlord
 14029 | Orc:1    | Killed Harold
 14147 | Orc:1    | Reached skill level 17 in Dodging
 14360 | Orc:2    | Entered Level 2 of the Orcish Mines
 14360 | Orc:2    | Found a staircase to the Elven Halls.
 14647 | Orc:2    | Found Fuptuch's Distillery.
 14648 | Orc:2    | Found Wocwun's General Store.
 14716 | Orc:2    | Bought a scroll of teleportation for 39 gold pieces
 15141 | Orc:2    | Reached XP level 15. HP: 122/122 MP: 19/19
 15256 | Orc:2    | Found Etaech's Antique Weapon Boutique.
 15256 | Orc:2    | Found Hyoh Hes's Jewellery Shop.
 15257 | Orc:2    | Found a one-way gate leading to the halls of Pandemonium.
 15817 | D:12     | Lost mutation: You are almost entirely resistant to further
                  | mutation and mutation removal. [Jiyva's grace]
 15817 | D:12     | Lost mutation: You are somewhat resistant to both further
                  | mutation and mutation removal. [Jiyva's grace]
 15817 | D:12     | Lost mutation: Your natural rate of healing is unusually
                  | fast. [Jiyva's grace]
 15817 | D:12     | Lost mutation: Armour fits poorly on your pseudopods.
                  | [Jiyva's grace]
 15817 | D:12     | Lost mutation: You passively dampen the noise of your
                  | surroundings. [Jiyva's grace]
 15817 | D:12     | Gained mutation: You have a pair of small horns on your
                  | head. [Jiyva's grace]
 15817 | D:12     | Gained mutation: You have a pair of horns on your head.
                  | [Jiyva's grace]
 15817 | D:12     | Gained mutation: You have a pair of large horns on your
                  | head. [Jiyva's grace]
 15817 | D:12     | Gained mutation: You are completely covered in iridescent
                  | scales. (AC +6) [Jiyva's grace]
 16356 | D:12     | Found a portal to a secret trove of treasure.
 16612 | D:13     | Found a gate to the Vaults.
 16682 | D:13     | Noticed Frances
 16694 | D:13     | Killed Frances
 17084 | D:14     | Lost mutation: You have a pair of large horns on your head.
                  | [Jiyva's grace]
 17084 | D:14     | Gained mutation: Your flesh is cold resistant. (rC+)
                  | [Jiyva's grace]
 17084 | D:14     | Gained mutation: Your flesh is very cold resistant. (rC++)
                  | [Jiyva's grace]
 17084 | D:14     | Gained mutation: Your flesh is almost immune to the effects
                  | of cold. (rC+++) [Jiyva's grace]
 17084 | D:14     | Gained mutation: You have a somewhat thin skeletal
                  | structure. (Dex +2, Stealth+) [Jiyva's grace]
 17134 | D:14     | Reached skill level 18 in Dodging
 17789 | D:15     | Entered Level 15 of the Dungeon
 18252 | D:15     | Noticed Kirke
 18267 | D:15     | Noticed a sphinx
 18267 | D:15     | Killed Kirke
 18270 | D:15     | Found a staircase to the Depths.
 18320 | D:15     | Noticed Rupert
 18335 | D:15     | Killed Rupert
 18480 | D:15     | Lost mutation: You are completely covered in iridescent
                  | scales. (AC +6) [Jiyva's grace]
 18480 | D:15     | Lost mutation: You are mostly covered in iridescent scales.
                  | (AC +4) [Jiyva's grace]
 18480 | D:15     | Lost mutation: You are somewhat resistant to further
                  | mutation. [Jiyva's grace]
 18480 | D:15     | Gained mutation: You have hidden genetic potential.
                  | [Jiyva's grace]
 18480 | D:15     | Gained mutation: You have great hidden genetic potential.
                  | [Jiyva's grace]
 18480 | D:15     | Gained mutation: You are mostly covered in iridescent
                  | scales. (AC +4) [Jiyva's grace]
 18480 | D:15     | Gained mutation: You are completely covered in iridescent
                  | scales. (AC +6) [Jiyva's grace]
 18496 | D:15     | Identified the +10 flail "Jaf Rucu" {venom, Will+ Dex+3}
 18975 | Swamp:1  | Entered Level 1 of the Swamp
 19145 | Swamp:1  | Reached XP level 16. HP: 85/131 MP: 20/20
 19313 | Swamp:2  | Noticed a thorn hunter
 19320 | Swamp:1  | Noticed a fenstrider witch
 19320 | Swamp:1  | Paralysed by a fenstrider witch for 2 turns
 19327 | Swamp:1  | Noticed a thorn hunter
 19334 | Swamp:1  | Identified the +3 rapier of Abuse {flame, Str+6 Stlth+}
 19372 | Lair:2   | Upgraded the game from 0.31-a0-496-g6f97920a28 to
                  | 0.31-a0-507-gbafd7f5274
 19542 | Orc:2    | Bought a ring of willpower for 300 gold pieces
 19599 | Elf:1    | Entered Level 1 of the Elven Halls
 20099 | Elf:1    | Reached skill level 15 in Ranged Weapons
 20099 | Elf:1    | Reached skill level 19 in Dodging
 20385 | Elf:2    | Found the +8 autumn katana {manifold assault}
 20446 | Elf:2    | Gained mutation: You expend magic power (3 MP) to
                  | strengthen your wands. [hidden potential]
 20537 | Elf:2    | Got the Compendium of Assembled Damage
 20575 | Elf:2    | Found Vesony's Distillery.
 20834 | Elf:2    | Reached XP level 17. HP: 128/140 MP: 21/21
 20968 | Elf:2    | Lost mutation: You possess an exceptional clarity of mind.
                  | [Jiyva's grace]
 20968 | Elf:2    | Lost mutation: You passively map the area around you.
                  | [Jiyva's grace]
 20968 | Elf:2    | Lost mutation: You have great hidden genetic potential.
                  | [Jiyva's grace]
 20968 | Elf:2    | Gained mutation: You are covered in slimy tendrils that may
                  | disarm your opponents. [Jiyva's grace]
 20968 | Elf:2    | Gained mutation: Armour fits poorly on your pseudopods.
                  | [Jiyva's grace]
 20968 | Elf:2    | Gained mutation: Armour fits poorly on your large
                  | pseudopods. [Jiyva's grace]
 20968 | Elf:2    | Gained mutation: Armour fits poorly on your massive
                  | pseudopods. [Jiyva's grace]
 21032 | Elf:2    | Found a huge runed translucent gate.
 21034 | Elf:2    | Found a huge runed translucent gate.
 21039 | Elf:2    | Found a huge runed translucent gate.
 21040 | Elf:2    | Found a huge runed translucent gate.
 21040 | Elf:2    | Found a huge runed translucent gate.
 21248 | Elf:3    | Entered Level 3 of the Elven Halls
 21438 | Elf:3    | Paralysed by an air elemental for 1 turns
 21879 | Abyss:3  | Found a corrupted altar of Lugonu.
 21879 | Abyss:3  | Found a corrupted altar of Lugonu.
 21879 | Abyss:3  | Cast into level 3 of the Abyss (a deep elf sorcerer)
 21906 | Abyss:3  | Noticed a bone dragon
 21927 | Abyss:3  | Noticed a tentacled starspawn
 21982 | Abyss:3  | Noticed a tentacled starspawn
 22122 | Abyss:3  | Noticed a tentacled starspawn
 22125 | Abyss:3  | Killed a tentacled starspawn
 22139 | Abyss:3  | Noticed a bone dragon
 22189 | Abyss:3  | Lost mutation: You expend magic power (3 MP) to strengthen
                  | your wands. [potion of mutation]
 22189 | Abyss:3  | Lost mutation: You have a somewhat thin skeletal structure.
                  | (Dex +2, Stealth+) [potion of mutation]
 22189 | Abyss:3  | Lost mutation: Your mind is acute. (Int +4, Str/Dex -1)
                  | [potion of mutation]
 22189 | Abyss:3  | Gained mutation: You have great hidden genetic potential.
                  | [potion of mutation]
 22203 | Abyss:3  | Noticed a tentacled starspawn
 22232 | Abyss:3  | Noticed a bone dragon
 22306 | Abyss:3  | Noticed a bone dragon
 22308 | Abyss:3  | Reached skill level 15 in Fighting
 22314 | Abyss:3  | Killed a bone dragon
 22315 | Abyss:3  | Reached skill level 20 in Dodging
 22340 | Abyss:3  | Noticed a tentacled starspawn
 22364 | Abyss:3  | Paralysed by accursed screaming for 1 turns
 22368 | Abyss:3  | Noticed a tentacled monstrosity
 22410 | Abyss:4  | Noticed a bone dragon
 22423 | Abyss:4  | Found a corrupted altar of Lugonu.
 22453 | Abyss:4  | Lost mutation: You are completely covered in iridescent
                  | scales. (AC +6) [Jiyva's grace]
 22453 | Abyss:4  | Lost mutation: You passively map a small area around you.
                  | [Jiyva's grace]
 22453 | Abyss:4  | Lost mutation: Armour fits poorly on your massive
                  | pseudopods. [Jiyva's grace]
 22453 | Abyss:4  | Gained mutation: Your spells are a little harder to cast,
                  | but a little more powerful. [Jiyva's grace]
 22453 | Abyss:4  | Gained mutation: Your spells are harder to cast, but more
                  | powerful. [Jiyva's grace]
 22453 | Abyss:4  | Gained mutation: Your spells are much harder to cast, but
                  | much more powerful. [Jiyva's grace]
 22453 | Abyss:4  | Lost mutation: You have great hidden genetic potential.
                  | [Jiyva's grace]
 22453 | Abyss:4  | Lost mutation: You have hidden genetic potential. [Jiyva's
                  | grace]
 22453 | Abyss:4  | Gained mutation: You are somewhat resistant to further
                  | mutation. [Jiyva's grace]
 22463 | Abyss:4  | Killed a bone dragon
 22470 | Elf:3    | Escaped the Abyss
 22586 | Elf:3    | Noticed a deep elf master archer
 22666 | Elf:3    | Killed a deep elf master archer
 22732 | Elf:3    | Noticed a deep elf blademaster
 22743 | Elf:3    | Killed a deep elf blademaster
 22903 | Elf:3    | Reached XP level 18. HP: 108/149 MP: 22/22
 22908 | Elf:3    | Identified the +9 quarterstaff of Death's Door {spect,
                  | rElec rN+ MP+9}
 22923 | Elf:3    | Paralysed by an air elemental for 1 turns
 22986 | Elf:3    | Identified the +0 hat "Goyfaut" {Contam rCorr MP+9 Slay+5
                  | Stlth+}
 23008 | Elf:3    | Identified the +9 quarterstaff of the Mind {pain, Contam
                  | rPois Dex+5}
 23027 | Elf:3    | Identified the +6 war axe of the Scavenger {freeze, rN+
                  | rCorr Str-2 Dex+5}
 23030 | Elf:3    | Identified the +2 halberd of Courage {flame, rElec Str+3
                  | Dex+3}
 23041 | Elf:3    | Identified the staff of Arbitration {*Slow rPois Stlth+
                  | Earth}
 23080 | Elf:3    | Identified the +3 whip "Saitu" {heavy, rC- rN+ rCorr Int+6}
 23267 | Vaults:1 | Entered Level 1 of the Vaults
 23832 | Vaults:1 | Identified the +1 arbalest of the Ship {speed, Will- Str-4
                  | Int+9 Dex+2}
 24020 | Vaults:1 | Reached skill level 10 in Armour
 24020 | Vaults:1 | Reached skill level 21 in Dodging
 24611 | Vaults:2 | Found a staircase to the Crypt.
 24611 | Vaults:2 | Found an ancient bone altar of Kikubaaqudgha.
 24612 | Vaults:2 | Found a basalt altar of Yredelemnul.
 24747 | Vaults:2 | Reached XP level 19. HP: 105/158 MP: 24/24
 24827 | Vaults:2 | Found Desm's Antique Weapon Emporium.
 25658 | Vaults:3 | Lost mutation: You have a pair of horns on your head.
                  | [Jiyva's grace]
 25658 | Vaults:3 | Lost mutation: You are mostly covered in iridescent scales.
                  | (AC +4) [Jiyva's grace]
 25658 | Vaults:3 | Lost mutation: Armour fits poorly on your large pseudopods.
                  | [Jiyva's grace]
 25658 | Vaults:3 | Gained mutation: Your rubbery body absorbs attacks. (AC +1,
                  | EV +1) [Jiyva's grace]
 25658 | Vaults:3 | Gained mutation: Your pliable body absorbs attacks. (AC +2,
                  | EV +2) [Jiyva's grace]
 25658 | Vaults:3 | Gained mutation: Your gelatinous body deflects attacks. (AC
                  | +3, EV +3) [Jiyva's grace]
 25658 | Vaults:3 | Gained mutation: You are covered in fur. (AC +1) [Jiyva's
                  | grace]
 25887 | Vaults:3 | Noticed Boris
 25908 | Vaults:3 | Killed Boris
 26468 | Vaults:3 | Noticed Bai Suzhen
 26516 | Vaults:3 | Killed Bai Suzhen
 26598 | Vaults:3 | Noticed Margery
 26622 | Vaults:3 | Killed Margery
 27188 | Spider:1 | Entered Level 1 of the Spider Nest
 27284 | Spider:1 | Noticed Nikola
 27298 | Lair:3   | Killed Nikola
 27345 | Spider:1 | Noticed Louise
 27350 | Spider:1 | Killed Louise
 27501 | Spider:1 | Lost mutation: You have a pair of small horns on your head.
                  | [Jiyva's grace]
 27501 | Spider:1 | Lost mutation: You are partially covered in iridescent
                  | scales. (AC +2) [Jiyva's grace]
 27501 | Spider:1 | Lost mutation: You are covered in fur. (AC +1) [Jiyva's
                  | grace]
 27501 | Spider:1 | Lost mutation: Your spells are much harder to cast, but
                  | much more powerful. [Jiyva's grace]
 27501 | Spider:1 | Gained mutation: Armour fits poorly on your large
                  | pseudopods. [Jiyva's grace]
 27501 | Spider:1 | Gained mutation: Armour fits poorly on your massive
                  | pseudopods. [Jiyva's grace]
 27501 | Spider:1 | Gained mutation: You have a pair of small horns on your
                  | head. [Jiyva's grace]
 27501 | Spider:1 | Gained mutation: You have a pair of horns on your head.
                  | [Jiyva's grace]
 27552 | Spider:1 | Reached XP level 20. HP: 112/168 MP: 26/26
 27616 | Spider:1 | Reached skill level 22 in Dodging
 27727 | Spider:1 | Found a transporter.
 27756 | Spider:1 | Found a transporter.
 27759 | Spider:1 | Noticed makewrite's ghost (adept MiBe)
 29717 | Spider:4 | Entered Level 4 of the Spider Nest
 29994 | Spider:4 | Lost mutation: Your flesh is almost immune to the effects
                  | of cold. (rC+++) [Jiyva's grace]
 29994 | Spider:4 | Lost mutation: Your spells are harder to cast, but more
                  | powerful. [Jiyva's grace]
 29994 | Spider:4 | Lost mutation: Armour fits poorly on your massive
                  | pseudopods. [Jiyva's grace]
 29994 | Spider:4 | Gained mutation: Your mind is acute. (Int +4, Str/Dex -1)
                  | [Jiyva's grace]
 29994 | Spider:4 | Gained mutation: Your mind is very acute. (Int +8, Str/Dex
                  | -2) [Jiyva's grace]
 29994 | Spider:4 | Gained mutation: You passively map a small area around you.
                  | [Jiyva's grace]
 29994 | Spider:4 | Gained mutation: You passively map the area around you.
                  | [Jiyva's grace]
 30043 | Spider:4 | Noticed Arachne
 30069 | Spider:4 | Killed Arachne
 30670 | Spider:4 | Reached skill level 10 in Invocations
 30728 | Spider:4 | Got a gossamer rune of Zot
 31282 | Vaults:4 | Noticed Donald
 31289 | Vaults:4 | Killed Donald
 31326 | Vaults:4 | Found Yqinila's Assorted Antiques.
 31384 | Vaults:4 | Reached XP level 21. HP: 105/176 MP: 28/28
 31793 | Vaults:4 | Noticed Sojobo
 31805 | Vaults:4 | Paralysed by an air elemental for 1 turns
 31809 | Vaults:4 | Killed Sojobo
 32054 | Vaults:4 | Noticed Mennas
 32104 | Vaults:4 | Killed Mennas
 32179 | Vaults:4 | Reached skill level 23 in Dodging
 32309 | Vaults:4 | Identified the +0 ring mail "Ydghyvur" {rElec rC+ Stlth+}
 32780 | Depths:1 | Entered Level 1 of the Depths
 32962 | Depths:1 | Lost mutation: You have a pair of horns on your head.
                  | [Jiyva's grace]
 32962 | Depths:1 | Lost mutation: Your mind is very acute. (Int +8, Str/Dex
                  | -2) [Jiyva's grace]
 32962 | Depths:1 | Lost mutation: You passively map the area around you.
                  | [Jiyva's grace]
 32962 | Depths:1 | Gained mutation: Armour fits poorly on your massive
                  | pseudopods. [Jiyva's grace]
 32962 | Depths:1 | Gained mutation: You are partially covered in iridescent
                  | scales. (AC +2) [Jiyva's grace]
 32962 | Depths:1 | Gained mutation: You are mostly covered in iridescent
                  | scales. (AC +4) [Jiyva's grace]
 32962 | Depths:1 | Gained mutation: You are completely covered in iridescent
                  | scales. (AC +6) [Jiyva's grace]
 33002 | Depths:1 | Found a gateway to Hell.
 33149 | Depths:1 | Found a one-way gateway to a ziggurat.
 33216 | Depths:1 | Found a glowing golden altar of the Shining One.
 34183 | Depths:2 | Reached XP level 22. HP: 181/186 MP: 30/30
 34193 | Depths:2 | Identified the +5 chain mail of Plasticity {rCorr Int+3
                  | Dex+3}
 34394 | Depths:2 | Identified the staff "Ypniutas" {rC+ Int+2 Ice}
 34781 | Depths:3 | Noticed a golden dragon
 34791 | Depths:3 | Noticed a juggernaut
 34794 | Depths:3 | Killed a golden dragon
 34854 | Depths:3 | Identified the ring of Ynoratec {Fire rCorr}
 34991 | Depths:3 | Noticed the Enchantress
 35057 | Depths:3 | Killed the Enchantress
 35144 | Depths:3 | Killed a juggernaut
 35179 | Depths:3 | Found a one-way gate to the infinite horrors of the Abyss.
 35350 | Depths:3 | Identified the +4 scimitar "Ryefyinn" {heavy, rPois}
 35378 | Depths:3 | Found a shimmering altar of Xom.
 35459 | Depths:3 | Reached skill level 10 in Stealth
 35503 | Depths:3 | Found a sacrificial altar of Ru.
 35516 | Depths:3 | Lost mutation: Your flesh is very cold resistant. (rC++)
                  | [Jiyva's grace]
 35516 | Depths:3 | Lost mutation: Your gelatinous body deflects attacks. (AC
                  | +3, EV +3) [Jiyva's grace]
 35516 | Depths:3 | Lost mutation: Armour fits poorly on your massive
                  | pseudopods. [Jiyva's grace]
 35516 | Depths:3 | Gained mutation: You are somewhat resistant to both further
                  | mutation and mutation removal. [Jiyva's grace]
 35516 | Depths:3 | Gained mutation: You are almost entirely resistant to
                  | further mutation and mutation removal. [Jiyva's grace]
 35516 | Depths:3 | Gained mutation: You have a small jelly attached to you
                  | that senses nearby items. [Jiyva's grace]
 35516 | Depths:3 | Gained mutation: You have a pair of horns on your head.
                  | [Jiyva's grace]
 35833 | Depths:4 | Entered Level 4 of the Depths
 35897 | Depths:4 | Identified the +2 robe "Has Xyarch" {Str+6 Int+3 Stlth-}
 36222 | Orc:2    | Bought a potion of heal wounds for 55 gold pieces
 36222 | Orc:2    | Bought 2 potions of heal wounds for 110 gold pieces
 36222 | Orc:2    | Bought a potion of mutation for 88 gold pieces
 36222 | Orc:2    | Bought a potion of lignification for 33 gold pieces
 36222 | Orc:2    | Bought 2 potions of curing for 66 gold pieces
 36222 | Orc:2    | Bought a potion of resistance for 110 gold pieces
 36222 | Orc:2    | Bought a potion of heal wounds for 55 gold pieces
 36226 | Orc:2    | Bought a scroll of identify for 26 gold pieces
 36226 | Orc:2    | Bought a scroll of identify for 26 gold pieces
 36226 | Orc:2    | Bought a potion of cancellation for 104 gold pieces
 36284 | Elf:2    | Bought a potion of cancellation for 136 gold pieces
 36284 | Elf:2    | Bought 2 potions of heal wounds for 170 gold pieces
 36284 | Elf:2    | Bought 2 potions of haste for 340 gold pieces
 36284 | Elf:2    | Bought a potion of haste for 170 gold pieces
 36670 | Depths:4 | Found a gate to the Realm of Zot.
 36829 | Depths:4 | Reached XP level 23. HP: 87/194 MP: 31/31
 38041 | Orc:2    | Bought an amulet of regeneration for 360 gold pieces
 38051 | Orc:2    | Upgraded the game from 0.31-a0-507-gbafd7f5274 to
                  | 0.31-a0-532-g28f74ba3e5
 38507 | Swamp:1  | Paralysed by a hornet for 3 turns
 39129 | Swamp:2  | Lost mutation: Your flesh is cold resistant. (rC+) [Jiyva's
                  | grace]
 39129 | Swamp:2  | Lost mutation: You passively map a small area around you.
                  | [Jiyva's grace]
 39129 | Swamp:2  | Lost mutation: You are covered in slimy tendrils that may
                  | disarm your opponents. [Jiyva's grace]
 39129 | Swamp:2  | Gained mutation: Your translucent skin slightly reduces
                  | your foes' accuracy. (Stealth+) [Jiyva's grace]
 39129 | Swamp:2  | Gained mutation: Your translucent skin reduces your foes'
                  | accuracy. (Stealth+) [Jiyva's grace]
 39129 | Swamp:2  | Gained mutation: Your transparent skin significantly
                  | reduces your foes' accuracy. (Stealth+) [Jiyva's grace]
 39129 | Swamp:2  | Gained mutation: You have a pair of large horns on your
                  | head. [Jiyva's grace]
 39816 | Swamp:4  | Entered Level 4 of the Swamp
 39962 | Swamp:4  | Reached skill level 24 in Dodging
 40126 | Swamp:4  | Noticed the 27-headed Lernaean hydra
 40136 | Swamp:4  | Killed the 27-headed Lernaean hydra
 40144 | Swamp:4  | Got a decaying rune of Zot
 40681 | Vaults:5 | Entered Level 5 of the Vaults
 41026 | Vaults:5 | Reached XP level 24. HP: 200/206 MP: 31/31
 41427 | Vaults:5 | Identified the +7 spear "Bacesh" {vamp, *Noise Will+ rCorr
                  | Int+2}
 41624 | Vaults:5 | Noticed a dread lich
 41645 | Vaults:5 | Reached skill level 25 in Dodging
 41753 | Vaults:5 | Identified the +0 rapier "Vaad" {heavy, rElec MP+9 Stlth+}
 41856 | Vaults:5 | Killed a dread lich
 41955 | Vaults:5 | Identified the ring "Yguamut" {Wiz rPois}
 41974 | Vaults:5 | Reached skill level 1 in Shields
 41993 | Vaults:5 | Got a silver rune of Zot
 42580 | Vaults:5 | Reached skill level 5 in Shields
 42609 | Vaults:5 | Lost mutation: You have a pair of large horns on your head.
                  | [Jiyva's grace]
 42609 | Vaults:5 | Lost mutation: You are completely covered in iridescent
                  | scales. (AC +6) [Jiyva's grace]
 42609 | Vaults:5 | Lost mutation: You are mostly covered in iridescent scales.
                  | (AC +4) [Jiyva's grace]
 42609 | Vaults:5 | Lost mutation: Your mind is acute. (Int +4, Str/Dex -1)
                  | [Jiyva's grace]
 42609 | Vaults:5 | Lost mutation: You are almost entirely resistant to further
                  | mutation and mutation removal. [Jiyva's grace]
 42609 | Vaults:5 | Lost mutation: Your spells are a little harder to cast, but
                  | a little more powerful. [Jiyva's grace]
 42609 | Vaults:5 | Lost mutation: Your pliable body absorbs attacks. (AC +2,
                  | EV +2) [Jiyva's grace]
 42609 | Vaults:5 | Lost mutation: Your transparent skin significantly reduces
                  | your foes' accuracy. (Stealth+) [Jiyva's grace]
 42609 | Vaults:5 | Gained mutation: You expend magic power (3 MP) to
                  | strengthen your wands. [Jiyva's grace]
 42609 | Vaults:5 | Gained mutation: Your mind is acute. (Int +4, Str/Dex -1)
                  | [Jiyva's grace]
 42609 | Vaults:5 | Gained mutation: Your mind is very acute. (Int +8, Str/Dex
                  | -2) [Jiyva's grace]
 42609 | Vaults:5 | Gained mutation: Your pliable body absorbs attacks. (AC +2,
                  | EV +2) [Jiyva's grace]
 43029 | Zot:1    | Entered Level 1 of the Realm of Zot
 43195 | Zot:1    | Found the +4 dragonskin cloak
 43195 | Zot:1    | Noticed Tiamat
 43285 | Zot:1    | Killed Tiamat
 43286 | Zot:1    | Reached XP level 25. HP: 91/214 MP: 31/31
 43481 | Zot:1    | Reached skill level 10 in Shields
 43511 | Zot:1    | Noticed Grunn
 43528 | Zot:1    | Killed Grunn
 44002 | Zot:2    | Noticed a Killer Klown
 44011 | Zot:2    | Noticed an orb of fire
 44015 | Zot:2    | Killed a Killer Klown
 44016 | Zot:2    | Lost mutation: Your mind is very acute. (Int +8, Str/Dex
                  | -2) [an orb of fire]
 44022 | Zot:2    | Killed an orb of fire
 44262 | Zot:3    | Identified the +7 longbow "Ycixzey" {freeze, rC+ Will+
                  | Int-5}
 44865 | Zot:4    | Found a shimmering altar of Xom.
 44878 | Zot:5    | Entered Level 5 of the Realm of Zot
 44998 | Zot:5    | Reached skill level 26 in Dodging
 45085 | Zot:4    | Noticed a Killer Klown
 45099 | Zot:4    | Killed a Killer Klown
 45103 | Zot:4    | Noticed a Killer Klown
 45123 | Zot:4    | Killed a Killer Klown
 45228 | Zot:4    | Reached XP level 26. HP: 213/224 MP: 31/31
 45381 | Zot:5    | Lost mutation: Your pliable body absorbs attacks. (AC +2,
                  | EV +2) [Jiyva's grace]
 45381 | Zot:5    | Lost mutation: Armour fits poorly on your large pseudopods.
                  | [Jiyva's grace]
 45381 | Zot:5    | Gained mutation: You possess an exceptional clarity of
                  | mind. [Jiyva's grace]
 45381 | Zot:5    | Gained mutation: You have a small jelly attached to you
                  | that may absorb projectiles. [Jiyva's grace]
 45381 | Zot:5    | Gained mutation: You are covered in slimy tendrils that may
                  | disarm your opponents. [Jiyva's grace]
 45381 | Zot:5    | Gained mutation: Armour fits poorly on your large
                  | pseudopods. [Jiyva's grace]
 45605 | Zot:5    | Noticed an orb of fire
 45618 | Zot:5    | Noticed an orb of fire
 45626 | Zot:5    | Killed an orb of fire
 45630 | Zot:5    | Killed an orb of fire
 45630 | Zot:5    | Noticed an orb of fire
 45638 | Zot:5    | Killed an orb of fire
 45638 | Zot:5    | Noticed a dread lich
 45641 | Zot:5    | Killed a dread lich
 45642 | Zot:5    | Noticed an orb of fire
 45642 | Zot:5    | Noticed a Killer Klown
 45642 | Zot:5    | Noticed a Killer Klown
 45642 | Zot:5    | Noticed a dread lich
 45642 | Zot:5    | Noticed an ancient lich
 45642 | Zot:5    | Noticed a dread lich
 45653 | Zot:5    | Killed an orb of fire
 45658 | Zot:5    | Killed an ancient lich
 45658 | Zot:5    | Noticed an orb of fire
 45690 | Zot:5    | Killed an orb of fire
 45695 | Zot:5    | Killed a dread lich
 45695 | Zot:5    | Noticed a dread lich
 45700 | Zot:5    | Killed a dread lich
 45700 | Zot:5    | Noticed a dread lich
 45713 | Zot:5    | Killed a dread lich
 45720 | Zot:5    | Noticed a dread lich
 45723 | Zot:5    | Killed a dread lich
 45724 | Zot:5    | Reached skill level 15 in Armour
 45724 | Zot:5    | Noticed a Killer Klown
 45724 | Zot:5    | Noticed an ancient lich
 45737 | Zot:5    | Killed an ancient lich
 45743 | Zot:5    | Killed a Killer Klown
 45760 | Zot:5    | Killed a Killer Klown
 45761 | Zot:5    | Reached skill level 27 in Dodging
 45778 | Zot:5    | Killed a dread lich
 45781 | Zot:5    | Killed a Killer Klown
 46335 | Zot:5    | Got the Orb of Zot
 46567 | Depths:4 | Reached XP level 27. HP: 232/237 MP: 31/31
 46717 | D:14     | Noticed a seraph
 46783 | D:12     | Noticed Birum the pandemonium lord
 46806 | D:11     | Gained mutation: You are clumsy. (Dex -2) [a cacodemon]
 46813 | D:11     | Noticed Oplo the pandemonium lord
 46978 | D:8      | Noticed Deiquuf the pandemonium lord
 47182 | D:$      | Escaped with the Orb!

Illustrated notes

Levels and vault maps discovered:
D:1:      matt_arrival_diagonals, layout_basic, serial_shops,
          nicolae_shop_peninsula, hellmonk_ecumenical_altar_heavens_door,
          minmay_tromino_v4_b
D:2:      layout_basic, minmay_tall_x, uniq_robin
D:3:      wad_river_or_something, layout_loops_ring,
          mainiacjoe_overflow_alcove_2, fedhas_altar_fruit_tree,
          gammafunk_temple_overflow_statue, serial_shops,
          nicolae_shop_statue_plus, minmay_misc_feat_rugged
D:4:      minmay_wonky_spiral, layout_rooms, nicolae_sif_muna_little_library,
          uniq_pikel
D:5:      layout_loops_ring, jmf_multi_god_temple2,
          minmay_temple_entry_mini_moons
D:6:      layout_layer_cave, mainiacjoe_overflow_tiny_flanked, uniq_menkaure,
          uniq_edmund
D:7:      layout_basic, mainiacjoe_overflow_24_doors,
          minmay_hollow_rounded_squares
D:8:      layout_layer_cave, amethyst_killhole
D:9:      layout_long_grid, mainiacjoe_overflow_surrounded_room, uniq_psyche,
          uniq_joseph
D:10:     layout_roguey, lightli_temple_of_fire, serial_glass, glass_columns_a,
          glass_columns_b
D:11:     layout_roguey, david_lair_generic, gammafunk_ghost_spectres,
          grunt_dithmenos_shadows, uniq_gastronok
D:12:     layout_basic, erik_orc_3, nicolae_trove_entry_columns, serial_shops,
          nicolae_shop_tiny_waterfront, hangedman_abyss_or_decor_lesser_grid,
          nicolae_twisty_statue_hallways
D:13:     kennysheep_blocky_hall, layout_gridville,
          hellmonk_vaults_order_and_chaos, minivault_1, uniq_frances
D:14:     layout_stronghold, nicolae_eternal_life
D:15:     grunt_enter_depths_hoard, layout_irregular_city,
          chequers_serial_rivers_large_b, nicolae_letterblocks
          [nicolae_letter_subblock, nicolae_letter_subblock,
          nicolae_letter_subblock, nicolae_letter_subblock,
          nicolae_letter_subblock, nicolae_letter_subblock,
          nicolae_letter_subblock, nicolae_letter_subblock,
          nicolae_letter_subblock, nicolae_letter_subblock,
          nicolae_letter_subblock, nicolae_letter_subblock,
          nicolae_letter_subblock, nicolae_letter_subblock,
          nicolae_letter_subblock, nicolae_letter_subblock,
          nicolae_letter_subblock, nicolae_letter_subblock,
          nicolae_letter_subblock, nicolae_letter_subblock,
          nicolae_letter_subblock, nicolae_letter_subblock,
          nicolae_letter_subblock, nicolae_letter_subblock,
          nicolae_letter_subblock], uniq_kirke, uniq_rupert
Lair:1:   layout_regular_city, portal_ice_cave_entry_imps
Lair:2:   layout_misc_corridors, skrybe_swamp_entry_bodies,
          gauntlet_entry_generic, grunt_megastairs_1
Lair:3:   layout_loops_ring, spider_nest_entry_rubble, serial_bayou_shore_a,
          grunt_megastairs_2, uniq_josephine
Lair:4:   statuecave_lemuel, layout_small_grid
Lair:5:   grunt_lair_end_beastmaster, layout_loops_ring, dpeg_slime_entry_corner
Swamp:1:  layout_basic_swamp, hangedman_swamp_cone, swamp_pool4,
          nicolae_swamp_small_spring
Swamp:2:  layout_basic_swamp, nicolae_swamp_round_clearing
Swamp:3:  layout_basic_swamp, serial_swamp_ruin, evilmike_swamp_ruin_house_1,
          evilmike_swamp_ruin_house_5, infiniplex_staircase_pool_2
Swamp:4:  grunt_swamp_rune_castle, layout_basic_swamp
Spider:1: layout_spider_delve, gammafunk_ghost_mausoleum,
          hellmonk_watch_for_rolling_rocks, uniq_nikola, uniq_louise
Spider:2: layout_cave_pods, hangedman_spider_tarantella_strand
Spider:3: layout_chambers
Spider:4: floodkiller_spider_rune_tomb, uniq_arachne
Slime:1:  cheibrodos_slime_lost_civilization_2, layout_caves
Slime:2:  layout_caves
Slime:3:  layout_caves
Slime:4:  layout_caves
Slime:5:  slime_pit_nicolae_amoeboid
Orc:1:    orc_temple, layout_diamond_mine, ebering_ghost_gozag, uniq_harold
Orc:2:    pf_orc_diabolical, layout_caves
Elf:1:    elf_arrival_002, layout_loops_cross, hangedman_elf_disciples
Elf:2:    elven_hall_of_blades_hangedman_alternative
          [nicolae_vaults_blade_armed_guards], layout_geoelf_octagon,
          serial_shops, nicolae_stop_n_shop_2, minmay_elf_sorcery
Elf:3:    minmay_elf_hall_x, layout_loops_cross, nicolae_elf_v_pinch
Vaults:1: vaults_standard_mumra_lines, ontoclasm_vaults_ring_large,
          nicolae_vaults_closet_pinwheel_1, nicolae_vaults_yaktaur_gun_rack,
          vaults_mumra_hex, nicolae_vaults_surprise_closet,
          nicolae_vaults_frosty_reception, grunt_vaults_hallway_long,
          nicolae_vaults_trapezoid_3, layout_vaults_big_room
Vaults:2: st_spiral_rooms, nicolae_vaults_six-pack, v_pattern_3,
          nicolae_vaults_offset_grid_hallway_3, grunt_vaults_hallway_long,
          minmay_crypt_entry_necro_gods, vaults_dpeg_doors,
          nicolae_vaults_tetromino_T_2, nicolae_vaults_arrows,
          nicolae_vaults_tetromino_Z_2, vaults_room_mumra_shop_pool,
          ontoclasm_vaults_gateway, nicolae_vaults_trapezoid_lopsided_3,
          ontoclasm_vaults_hangar, nicolae_vaults_angled_halls,
          layout_vaults_omnibox
Vaults:3: nicolae_vaults_doubleplus_tesselated, hangedman_vaults_corner,
          vaults_dpeg_diagonal, nicolae_vaults_ring_of_whatevers,
          nicolae_vaults_tetromino_T_2, nicolae_vaults_double_plus_1,
          layout_vaults_omnigrid, uniq_bai_suzhen, uniq_margery, uniq_boris
Vaults:4: nicolae_vaults_diffraction_hallways, nicolae_vaults_trapezoid_4,
          nicolae_vaults_trapezoid_lopsided_1, nicolae_vaults_puzzle_piece,
          vaults_room_fancy_cross, nicolae_vaults_house_1, v_alt_pattern_6,
          nicolae_vaults_tetromino_Z_2, grunt_vaults_twisty,
          nicolae_vaults_little_squares_5, vaults_room_hallway,
          hangedman_vaults_trim, nicolae_vaults_little_squares_6,
          layout_vaults_omnicross, serial_shops,
          nicolae_shop_overgrown_old_shop, uniq_sojobo, uniq_donald, uniq_mennas
Vaults:5
Depths:1: layout_big_octagon, enter_ziggurat_e, minmay_misc_feat_iff,
          hell_entry, tso_oasis_becter, grunt_megastairs_5
Depths:2: kennysheep_windowed_halls, layout_basic, pan_entry,
          hangedman_abyss_or_decor_passed, lightli_too_deep
Depths:3: nzn_winding_woodlands_stair_cross [nzn_winding_woodlands_5x15_twine,
          nzn_winding_woodlands_center_diamonds,
          nzn_winding_woodlands_5x15_lazy_stream,
          nzn_winding_woodlands_hourglass, nzn_winding_woodlands_5x5_three,
          nzn_winding_woodlands_5x15_parted,
          nzn_winding_woodlands_center_triple_pond,
          nzn_winding_woodlands_5x15_default], layout_cave_pools, abyss_entry,
          hell_entry, lemuel_statue_altar, nicolae_ru_awakened_eye,
          infiniplex_staircase_spiral, uniq_enchantress
Depths:4: grunt_crosshair, layout_basic, hangedman_geh_valley,
          corexii_hall_statues_s, serial_co_window_serial, co_window_corner_a,
          co_window_paths_b, co_window_paths_b, co_window_corner_a,
          co_window_paths_b, co_window_corner_a, co_window_paths_a,
          co_window_broadway_c, co_window_broadway_b, co_window_paths_c,
          glass_columns_a, glass_columns_c, glass_columns_a, glass_columns_b,
          glass_columns_b
Zot:1:    layout_misc_corridors, uniq_tiamat, uniq_grunn
Zot:2:    layout_cathedral_of_symmetry, grunt_ministairs_3,
          hangedman_zot_decor_tridents, kennysheep_underground_church
Zot:3:    kennysheep_spiral_hall, layout_twisted_circle
Zot:4:    dreamdust_zin_vs_xom, layout_cathedral_of_symmetry, uniq_josephina
Zot:5:    layout_gridlike

Skill      XL: |  1  2  3  4  5  6  7  8  9 10 11 12 13 14 15 16 17 18 19 20 21 22 23 24 25 26 27 |
---------------+----------------------------------------------------------------------------------+-----
Ranged Weapons | 4 5 6 7 8 9 10 12 13 14 15 16 17 18 19 20 21 | 21.3
Stealth        | 2 5 6 7 8 11 13 14 | 14.5
Dodging        | 3 5 7 9 12 14 16 17 18 19 20 21 22 23 24 25 26 27 | 27.0
Invocations    | 1 3 5 6 8 10 11 | 11.8
Fighting       | 4 5 8 9 10 11 12 13 14 15 16 17 18 19 20 21 22 23 | 23.9
Armour         | 2 3 5 6 7 8 9 10 11 12 13 14 15 16 | 16.0
Shields        | 8 11 | 11.9

Action                     |  1- 3 |  4- 6 |  7- 9 | 10-12 | 13-15 | 16-18 | 19-21 | 22-24 | 25-27 || total
---------------------------+-------+-------+-------+-------+-------+-------+-------+-------+-------++-------
  Melee: Arbalest          |       |       |       |       |       |       |       |     1 |       ||     1
   Fire: Shortbow          |    93 |    16 |       |       |       |       |       |       |       ||   109
         Arbalest          |       |    54 |   214 |   591 |  1260 |   926 |  1472 |  1747 |  1030 ||  7294
         Hand crossbow     |       |       |       |       |       |       |       |   194 |       ||   194
  Throw: Throwing net      |       |       |       |       |       |       |       |     2 |       ||     2
 Invoke: Oozemancy         |       |       |       |       |    10 |    14 |     9 |     8 |     7 ||    48
  Evoke: Wand              |       |     4 |     3 |     5 |     7 |     1 |     9 |     7 |     9 ||    45
    Use: Scroll            |     3 |     4 |     5 |     4 |    11 |    16 |     4 |    11 |     8 ||    66
         Potion            |       |       |       |       |       |     3 |     2 |     7 |    18 ||    30
 Armour: Leather armour    |     5 |    12 |    80 |       |       |       |       |       |       ||    97
         Steam dragon scal |       |       |     2 |    29 |       |       |       |       |       ||    31
         Troll leather arm |       |       |       |    86 |   185 |       |       |       |       ||   271
         Robe              |       |       |       |       |    30 |    69 |   150 |   195 |   113 ||   557
         Skin              |       |       |       |       |       |       |       |       |    35 ||    35
  Dodge: Dodged            |    24 |    29 |   171 |   479 |   990 |   523 |  1203 |  1760 |  1078 ||  6257
  Block: Other             |       |       |       |    55 |   223 |    96 |   208 |    82 |       ||   664
         Reflection        |       |       |       |       |    16 |    16 |     7 |     1 |       ||    40
         Buckler           |       |       |       |       |       |       |       |    33 |       ||    33

Table legend: (Time is in decaauts)
 A = Elapsed time spent in this place.
 B = Non-inter-level travel time spent in this place.
 C = Inter-level travel time spent in this place.
 D = Time resting spent in this place.
 E = Time spent auto-exploring this place.
 F = Levels seen in this place.
 G = Mean time per level.
                   A        B        C        D        E       F      G
               +--------+--------+--------+--------+--------+-----+--------+
         Total |  47957 |  42952 |   5005 |   1989 |  24753 |  54 |  888.1 |
       Dungeon |  13602 |  11511 |   2091 |    290 |   8449 |  15 |  906.8 |
          Lair |   5342 |   4728 |    614 |    108 |   2744 |   5 | 1068.4 |
         Swamp |   2011 |   1921 |     90 |     27 |   1012 |   4 |  502.8 |
   Spider Nest |   3733 |   3464 |    269 |    163 |   2154 |   4 |  933.2 |
    Slime Pits |   1032 |    894 |    138 |      0 |    777 |   5 |  206.4 |
  Orcish Mines |   2400 |   1889 |    511 |     25 |    995 |   2 | 1200.0 |
   Elven Halls |   3120 |   2891 |    229 |    144 |   1489 |   3 | 1040.0 |
        Vaults |   7689 |   7030 |    659 |    427 |   3803 |   5 | 1537.8 |
        Depths |   4979 |   4597 |    382 |    233 |   2876 |   4 | 1244.8 |
           Zot |   3444 |   3427 |     17 |    539 |    398 |   5 |  688.8 |
         Abyss |    601 |    601 |      0 |     32 |     54 |   2 |  300.5 |
               +--------+--------+--------+--------+--------+-----+--------+

Top non-repeatable levels by time:
Vaults:5: 2117 daAuts
Depths:4: 1609 daAuts
Vaults:2: 1504 daAuts
   Orc:2: 1473 daAuts
    D:15: 1406 daAuts
     D:7: 1402 daAuts
Vaults:4: 1400 daAuts
   Zot:5: 1383 daAuts
  Lair:5: 1375 daAuts
Depths:2: 1375 daAuts
   Elf:3: 1351 daAuts
Vaults:1: 1349 daAuts
Vaults:3: 1318 daAuts
    D:12: 1289 daAuts
  Lair:4: 1198 daAuts
